 Dungeon Crawl Stone Soup version 0.30.1-3-gfc49f6343a (webtiles) character file.

Game seed: 1630984059453779758

96 Heoruswealwe the Conjurer (level 4, -3/24 HPs)
             Began as a Deep Elf Conjurer on Aug 1, 2023.
             Killed by divine providence
             ... invoked by an orc priest
              (12 damage)
             ... on level 3 of the Dungeon.
             The game lasted 00:16:15 (1635 turns).

Heoruswealwe the Conjurer (Deep Elf Conjurer)       Turns: 1635, Time: 00:16:16

Health: -3/24      AC:  3    Str:  4    XL:     4   Next: 41%
Magic:  3/13       EV: 12    Int: 25    God:
Gold:   112        SH:  0    Dex: 13    Spells: 3/13 levels left

rFire   . . .        (no weapon)
rCold   . . .        (no shield)
rNeg    . . .        c - +0 robe
rPois   .            (no helmet)
rElec   .            (no cloak)
rCorr   +            f - +0 pair of gloves
SInv    .            (no boots)
Will    .....        (no amulet)
Stlth   +            k - ring of resist corrosion
HPRegen 0.24/turn    (no ring)
MPRegen 0.13/turn

%: no passive effects
@: confused
A: no striking features
a: no special abilities


You were on level 3 of the Dungeon.
You visited 1 branch of the dungeon, and saw 3 of its levels.

You collected 112 gold pieces.

Inventory:

Armour
 c - a +0 robe (worn)
 f - a +0 pair of gloves (worn)
 l - a +0 robe
Jewellery
 k - a ring of resist corrosion (left hand)
Scrolls
 a - a scroll of teleportation {unknown}
 b - a scroll of amnesia {unknown}
 h - 2 scrolls of blinking
 m - a scroll of silence {unknown}
 n - a scroll of enchant weapon {unknown}
Potions
 d - a potion of might {unknown}
 e - a potion of degeneration {unknown}
 g - a potion of ambrosia {unknown}
 i - a potion of brilliance {unknown}
 j - a potion of lignification {unknown}


   Skills:
 - Level 2.4 Dodging
 - Level 2.4 Stealth
 + Level 5.0 Spellcasting
 + Level 5.5 Conjurations


You had 3 spell levels left.
You knew the following spells:

 Your Spells              Type           Power      Damage    Failure   Level
a - Magic Dart            Conj           100%       1d8       1%          1
b - Searing Ray           Conj           68%        2d6       1%          2
c - Dazzling Flash        Conj/Hex       40%        N/A       8%          3
d - Fulminant Prism       Conj/Hex       10%        3d9       26%         4

Your spell library contained the following spells:

 Spells                   Type           Power      Damage    Failure   Level
 Iskenderun's Mystic Bla  Conj/Tloc      20%        2d6       26%         4


Dungeon Overview and Level Annotations

Branches:
Dungeon (3/15)

Altars:

Shops:
D:2 =(


Message History

The orc wizard is almost dead.
The orc shouts!
An orc comes into view. It is wielding a +0 dagger.
The orc wizard points at you and mumbles some strange words.
You resist with some effort.
Your magical contamination has completely faded away.
You barely miss the orc wizard.
The orc wizard is almost dead.
The orc wizard gestures wildly while chanting.
The orc wizard flickers and vanishes!
Deactivating autopickup; reactivate with Ctrl-A.
Something hits you but does no damage. Something hits you but does no damage.
You see here 10 gold pieces.
You feel less confused.
A magic dart appears from out of thin air!
The magic dart hits you.
A magic dart appears from out of thin air!
The magic dart hits you.
You see here a +0 dagger.
You are confused.
A magic dart appears from out of thin air!
The magic dart hits you.
The orc priest invokes the aid of Beogh against you.
Pain shoots through your body!
You're too confused to move!
You feel less confused.
The orc priest looks encouraged for a moment.
A puff of flame appears from out of thin air!
The puff of flame misses you.
The orc priest looks satisfied for a moment.
You are confused.
You're too confused to cast spells.
The orc attacks as you move away! The orc closely misses you.
The orc hits you with a +0 dagger. The orc attacks as you move away!
The orc closely misses you.
The orc priest mumbles some strange prayers to Beogh against you.
Beogh smites you!
Ouch! That really hurt!
You die...

.............(.....# ###
...................#
...................#
...................#
......................#
......................#
......................###
........................
................@.....#
.............o.o......#
...?...........o......#
)................)....#
...$...).............##
....................##
#..................##
####################


You could see an orc priest and 2 orcs.

Vanquished Creatures
  3 adders (D:2)
  A worm (D:2)
  6 dart slugs
  An orc (D:3)
  6 bats
  2 endoplasms
  2 giant cockroaches
  5 goblins
  A hobgoblin (D:2)
  3 jackals (D:1)
  5 quokkas
  3 ball pythons
  4 frilled lizards
  6 kobolds
  4 rats
52 creatures vanquished.

Notes
Turn   | Place    | Note
-------+----------+-------------------------------------------
     0 | D:1      | Heoruswealwe the Deep Elf Conjurer began the quest for the
                  | Orb.
     0 | D:1      | Reached XP level 1. HP: 10/10 MP: 6/6
   136 | D:1      | Reached XP level 2. HP: 15/15 MP: 1/8
   139 | D:1      | Learned a level 2 spell: Searing Ray
   475 | D:1      | Reached XP level 3. HP: 13/19 MP: 0/10
   479 | D:1      | Learned a level 3 spell: Dazzling Flash
   481 | D:1      | Reached skill level 5 in Conjurations
  1008 | D:2      | Found Juosm's Weapon Boutique.
  1107 | D:2      | Reached XP level 4. HP: 24/24 MP: 9/12
  1112 | D:2      | Learned a level 4 spell: Fulminant Prism
  1192 | D:2      | Found Taihyu's One-of-a-Kind Rings.
  1556 | D:3      | Reached skill level 5 in Spellcasting
  1635 | D:3      | Killed from afar by an orc priest

Illustrated notes

Levels and vault maps discovered:
D:1:      wander_arrival_chamber, layout_basic
D:2:      layout_loops_ring, serial_shops, nicolae_shop_hallway_stairs,
          nicolae_shop_unique_rings, kennysheep_pointless_box, kennysheep_potato
D:3:      layout_basic

Skill      XL: |  1  2  3  4 |
---------------+-------------+-----
Spellcasting   | 4 5 |  5.0
Conjurations   | 5 |  5.5
Dodging        | |  2.4
Stealth        | |  2.4

Action                     |  1- 3 |  4- 6 || total
---------------------------+-------+-------++-------
  Melee: Unarmed           |    11 |     4 ||    15
         Punch             |     1 |       ||     1
   Cast: Magic Dart        |    83 |    31 ||   114
         Searing Ray       |     1 |       ||     1
    Use: Potion            |     1 |       ||     1
         Scroll            |       |     1 ||     1
 Armour: Robe              |     4 |     3 ||     7
  Dodge: Dodged            |    20 |     3 ||    23
